 Dungeon Crawl Stone Soup version 0.28.0-1-gb440e238dd (webtiles) character file.

Game seed: 16345286211894222532

84 zeram the Covered (level 4, 0/29 HPs)
             Began as a Gargoyle Fighter on Feb 24, 2022.
             Slain by Crazy Yiuf (4 damage)
             ... on level 2 of the Dungeon.
             The game lasted 00:04:38 (2426 turns).

zeram the Covered (Gargoyle Fighter)                Turns: 2426, Time: 00:04:39

Health: 0/29       AC: 11    Str: 22    XL:     4   Next: 45%
Magic:  1/4        EV:  9    Int:  8    God:
Gold:   20         SH:  4    Dex:  9    Spells: 3/3 levels left

rFire   . . .      SeeInvis .   a - +0 flail
rCold   . . .      Faith    .   c - +0 buckler
rNeg    + . .      Spirit   .   b - +0 scale mail
rPois   ∞          Reflect  .   (no helmet)
rElec   +          Harm     .   (no cloak)
rCorr   .          Rampage  .   g - +0 pair of gloves
Will    .....                   (no boots)
Stlth   ..........              (no amulet)
HPRegen 0.09/turn               (no ring)
MPRegen 0.09/turn               (no ring)

@: mighty
A: sickness immunity, AC +3, negative energy resistance 1, electricity
resistance, torment resistance 1, petrification resistance
a: no special abilities


You were on level 2 of the Dungeon.
You visited 1 branch of the dungeon, and saw 2 of its levels.

You collected 20 gold pieces.

Inventory:

Hand Weapons
 a - a +0 flail (weapon)
Missiles
 i - 5 poisoned darts (quivered)
Armour
 b - a +0 scale mail (worn)
 c - a +0 buckler (worn)
 g - a +0 pair of gloves (worn)
Scrolls
 l - 3 scrolls of enchant armour
Potions
 f - 2 potions of mutation
 m - a potion of curing {unknown}
 n - a potion of lignification {unknown}


   Skills:
 + Level 3.8 Fighting
 + Level 3.0 Maces & Flails
 + Level 3.9 Armour
 + Level 0.5 Dodging
 + Level 3.7 Shields


You had 3 spell levels left.
You didn't know any spells.
Your spell library contained the following spells:

 Spells                   Type           Power      Damage    Failure   Level
 Summon Small Mammal      Summ           0%         N/A       82%         1
 Call Canine Familiar     Summ           0%         N/A       99%         3
 Summon Guardian Golem    Hex/Summ       0%         N/A       99%         3


Dungeon Overview and Level Annotations

Branches:
Dungeon (2/15)

Altars:

Annotations:
D:2 Crazy Yiuf


Innate Abilities, Weirdness & Mutations

You are immune to sickness and miasma.
Your stone body is resilient. (AC +3)
You are immune to poison.
You resist negative energy. (rN+)
You are resistant to electric shocks. (rElec)
You are resistant to unholy torment.
You are immune to petrification.


Message History

A rat is nearby!
The rat bites you but does no damage.
You thump the rat!
You kill the rat!
No target in view!
No target in view!
No target in view!
No target in view!
You see here a rat corpse.
Found three maces.
Found a runed translucent door.
Found a mace.
Crazy Yiuf shouts!
You see here a +0 mace.
Crazy Yiuf says, "I'm not crazy!"
Found a mace.
You see here a +0 mace.
You now have 20 gold pieces (gained 12).
Found a stone staircase leading down.
You see here a rat corpse.
You see here a +0 mace.
Crazy Yiuf shouts!
Crazy Yiuf screams, "Goober!"
Could not explore, unopened runed door.
You feel very mighty all of a sudden.
Crazy Yiuf yells, "Pitchfork shoe seventy!"
You open the door. You thump Crazy Yiuf!
Crazy Yiuf is heavily wounded.
Crazy Yiuf hits you with a +4 quarterstaff of chaos!
You feel your power leaking away.
You completely miss Crazy Yiuf.
Crazy Yiuf is heavily wounded.
Crazy Yiuf grits, "Walk chair koolooloo!"
Crazy Yiuf hits you with a +4 quarterstaff of chaos. x2
You barely miss Crazy Yiuf.
Crazy Yiuf is heavily wounded.
Crazy Yiuf hits you with a +4 quarterstaff of chaos!
* * * LOW HITPOINT WARNING * * *
Space warps around you.
You die...

##..####.######
#....# #......#
# #..PP#
#......#####
##.P.#
#...........
##.##
#.#.....####
##.#
#.#####..###
#)##
#####.......
##.#
#...#.###...
#@##
###.#.######
*#g#*
#.#.........
*.).*
#>..##.#####
#.).#
###.........
#).)#
###.......
##### #.......
#.......
############
#.......
#..........#
#.......


You could see Crazy Yiuf.

Vanquished Creatures
  Terence (D:2)
  2 worms (D:2)
  2 dart slugs (D:1)
  5 ball pythons
  2 endoplasms (D:1)
  3 giant cockroaches
  8 goblins
  9 hobgoblins
  2 quokkas (D:2)
  4 bats
  A frilled lizard (D:2)
  3 kobolds
  7 rats
49 creatures vanquished.

Notes
Turn   | Place    | Note
-------+----------+-------------------------------------------
     0 | D:1      | zeram the Gargoyle Fighter began the quest for the Orb.
     0 | D:1      | Reached XP level 1. HP: 14/14 MP: 1/1
   307 | D:1      | Reached XP level 2. HP: 2/19 MP: 2/2
   709 | D:1      | Found a faded altar of an unknown god.
  1354 | D:1      | Reached XP level 3. HP: 23/24 MP: 3/3
  1882 | D:2      | Noticed Terence
  1886 | D:2      | Killed Terence
  1887 | D:2      | Reached XP level 4. HP: 20/29 MP: 4/4
  2266 | D:2      | Found a runed translucent door.
  2267 | D:2      | Noticed Crazy Yiuf
  2426 | D:2      | Slain by Crazy Yiuf

Illustrated notes

Levels and vault maps discovered:
D:1:      pf_arrival_petrified_forest, layout_basic, basic_ecumenical_altar
D:2:      layout_rooms, uniq_terence, uniq_crazy_yiuf_cottage

Skill      XL: |  1  2  3  4 |
---------------+-------------+-----
Maces & Flails | 3 |  3.0
Fighting       | |  3.8
Armour         | |  3.9
Dodging        | |  0.5
Shields        | |  3.7

Action                   |  1- 3 |  4- 6 || total
-------------------------+-------+-------++-------
Melee: Flail             |   121 |    32 ||   153
  Use: Scroll            |       |     5 ||     5
       Potion            |       |     1 ||     1
Armor: Scale mail        |    93 |    11 ||   104
Dodge: Dodged            |    77 |    11 ||    88
Block: Buckler           |    33 |     3 ||    36
